 Dungeon Crawl Stone Soup version 0.28.0-53-g5a82cb258f (webtiles) character file.

Game seed: 11189424404015266853

185796 Peloso the Hoplite (level 17, 0/158 HPs)
             Began as a Minotaur Fighter on Aug 7, 2022.
             Was the Champion of Okawaru.
             Killed from afar by a green death (10 damage)
             ... with a bolt of poison
             ... on level 2 of the Snake Pit.
             The game lasted 01:20:14 (30774 turns).

Peloso the Hoplite (Minotaur Fighter)              Turns: 30774, Time: 01:20:15

Health: 0/158      AC: 34    Str: 28    XL:     17   Next: 82%
Magic:  16/18      EV: 18    Int:  5    God:    Okawaru [******]
Gold:   2984       SH: 28    Dex: 20    Spells: 16/16 levels left

rFire   + . .      SeeInvis +   a - +2 scimitar (flame)
rCold   . . .      Faith    .   c - +2 tower shield {AC+3}
rNeg    + . .      Spirit   .   V - +2 plate armour {rPois}
rPois   .          Reflect  .   O - +2 hat of Weirdness {Str+2 Dex+4}
rElec   .          Harm     .   (no cloak)
rCorr   +          Rampage  .   y - +0 pair of gloves
Will    +....                   A - +1 pair of boots
Stlth   ..........              f - amulet of Xuachir {rC- Regen+ rCorr Slay+6 SInv}
HPRegen 1.16/turn               j - ring "Yvvuevol" {rF+ rC+ AC+4 Dex+3 Stlth-}
MPRegen 0.16/turn               p - ring of Xiur {Fly rN+ Stlth+}

@: lethally poisoned (0 -> -51), heroic, poison vulnerable, flying, studying
Maces & Flails
A: horns 2, retaliatory headbutt
a: Renounce Religion, Heroism, Finesse, Duel


You were on level 2 of the Snake Pit.
You worshipped Okawaru.
Okawaru was exalted by your worship.
You visited 6 branches of the dungeon, and saw 28 of its levels.
You visited 1 bazaar.
You also visited: Sewer, Gauntlet and Ice Cave.

You collected 2984 gold pieces.

Inventory:

Hand Weapons
 a - a +2 scimitar of flaming (weapon)
 b - a +0 double sword of draining
Armour
 c - a +2 tower shield of protection (worn)
 g - the +0 hat of Hahabaro {Slay+3}
   (Okawaru gifted it to you on level 1 of the Snake Pit)

   Slay:      It affects your accuracy & damage with ranged weapons and melee
   (+3).
 q - the +6 scale mail of Sandy Fun {Harm rF+ Will- Slay+4}
   (You found it on level 3 of the Dungeon)

   Slay:      It affects your accuracy & damage with ranged weapons and melee
   (+4).
   rF:        It protects you from fire.
   Harm:      It increases damage dealt and taken.
   Will:      It decreases your willpower.
 w - +0 swamp dragon scales
 y - a +0 pair of gloves (worn)
 A - a +1 pair of boots (worn)
 E - the +5 scale mail "Bebat" {SInv}
   (You found it on level 2 of the Swamp)

   SInv:      It lets you see invisible.
 N - +0 storm dragon scales
 O - the +2 hat of Weirdness (worn) {Str+2 Dex+4}
   (Okawaru gifted it to you on level 1 of the Lair of Beasts)

   Str:       It affects your strength (+2).
   Dex:       It affects your dexterity (+4).
 V - a +2 plate armour of poison resistance (worn)
Jewellery
 f - the amulet of Xuachir (around neck) {rC- Regen+ rCorr Slay+6 SInv}
   (You acquired it on level 2 of the Dungeon)

   [amulet of regeneration]

   Slay:      It affects your accuracy & damage with ranged weapons and melee
   (+6).
   rC:        It makes you vulnerable to cold.
   SInv:      It lets you see invisible.
   Regen:     It increases your rate of health regeneration.
   rCorr:     It protects you from acid and corrosion.
 j - the ring "Yvvuevol" (left hand) {rF+ rC+ AC+4 Dex+3 Stlth-}
   (You found it on level 3 of the Dungeon)

   [ring of protection]

   AC:        It affects your AC (+4).
   Dex:       It affects your dexterity (+3).
   rF:        It protects you from fire.
   rC:        It protects you from cold.
   Stlth:     It makes you less stealthy.
 m - a ring of magical power
 p - the ring of Xiur (right hand) {Fly rN+ Stlth+}
   (You found it on level 2 of the Swamp)

   [ring of flight]

   rN:        It protects you from negative energy.
   Fly:       It grants you flight.
   Stlth:     It makes you more stealthy.
 x - the amulet of Xeseg {Regen+ Slay+2}
   (You found it on level 6 of the Lair of Beasts)

   [amulet of regeneration]

   Slay:      It affects your accuracy & damage with ranged weapons and melee
   (+2).
   Regen:     It increases your rate of health regeneration.
 z - a +6 ring of strength
 F - a ring of magical power
 I - a ring of see invisible
 K - a ring of poison resistance
 T - an amulet of reflection
Wands
 B - a wand of polymorph (7)
 G - a wand of acid (14)
 M - a wand of mindburst (7)
 P - a wand of paralysis (10)
Scrolls
 h - 8 scrolls of teleportation
 t - 2 scrolls of amnesia
 u - a scroll of silence
 v - 2 scrolls of acquirement
 J - 5 scrolls of noise
 S - 2 scrolls of immolation
 Z - 3 scrolls of fear
Potions
 d - 6 potions of might
 e - 3 potions of resistance
 i - a potion of magic
 k - 3 potions of mutation
 l - 4 potions of heal wounds
 n - 5 potions of haste
 o - 7 potions of curing
 r - a potion of brilliance
 s - 6 potions of flight
 D - 3 potions of berserk rage
 H - 4 potions of invisibility
Miscellaneous
 C - a lightning rod (4/4)


   Skills:
 + Level 16.3(21.3) Fighting
 + Level 18.8(23.8) Long Blades
 + Level 14.3(19.3) Armour
 + Level 11.2(16.2) Dodging
 + Level 3.7(8.7) Stealth
 + Level 23.6(27) Shields
 + Level 3.1 Invocations
 + Level 1.0 Evocations


You had 16 spell levels left.
You didn't know any spells.
Your spell library contained the following spells:

 Spells                   Type           Power      Damage    Failure   Level
 Magic Dart               Conj           0%         1d3       94%         1
 Ensorcelled Hibernation  Hex/Ice        0%         N/A       98%         2
 Passwall                 Tmut/Erth      0%         N/A       98%         2
 Sublimation of Blood     Necr           0%         N/A       98%         2
 Mephitic Cloud           Conj/Pois/Air  0%         N/A       100%        3
 Ozocubu's Armour         Ice            0%         N/A       100%        3
 Swiftness                Air            0%         N/A       100%        3
 Anguish                  Hex/Necr       0%         N/A       100%        4
 Petrify                  Tmut/Erth      0%         N/A       100%        4
 Freezing Cloud           Conj/Ice/Air   0%         6-21      100%        5
 Irradiate                Conj/Tmut      0%         3d14      100%        5
 Iskenderun's Battlesphe  Conj           0%         2d6       100%        5
 Eringya's Noxious Bog    Tmut/Pois      0%         N/A       100%        6
 Iron Shot                Conj/Erth      0%         9d1       100%        6
 Enfeeble                 Hex            0%         N/A       100%        7
 Ozocubu's Refrigeration  Ice            0%         4d5       100%        7
 Polar Vortex             Ice            0%         N/A       100%        9
 Call Imp                 Summ           Unusable   N/A       N/A         2
 Tukima's Dance           Hex            Unusable   N/A       N/A         3
 Summon Forest            Summ/Tloc      Unusable   N/A       N/A         5
 Simulacrum               Ice/Necr       Unusable   N/A       N/A         6
 Spellforged Servitor     Conj/Summ      Unusable   N/A       N/A         7
 Summon Hydra             Summ           Unusable   N/A       N/A         7

Dungeon Overview and Level Annotations

Branches:
Dungeon (15/15)            Temple (1/1) D:7            Lair (6/6) D:8
  Swamp (2/4) Lair:4        Snake (2/4) Lair:2        Slime (0/5) Lair:6
    Orc (2/2) D:10            Elf (0/3) Orc:2        Vaults (0/5) D:14
 Depths (0/4) D:15          Sewer (visited)           IceCv (visited)
Gauntlet (visited)

Altars:
Ashenzari
Okawaru
Xom
Beogh

Shops:
D:2 :   D:5 *   Orc:2 ((*(   Snake:1 [

Portals:
Trove: D:11 (give +3 gold dragon scales)

Annotations:
D:9 Casa


Innate Abilities, Weirdness & Mutations

You have a pair of horns on your head.
You reflexively headbutt those who attack you in melee.


Message History

You gain the combat prowess of a mighty hero.
You are engulfed in poison gas.
You are more poisoned.
* * * LOW HITPOINT WARNING * * *
You feel extremely sick. You block the naga's attack.
You block the naga ritualist's attack. The green death gestures at you.
The poison arrow misses you. The naga barely misses you.
You feel better.
You are engulfed in poison gas.
You are poisoned.
* * * LOW HITPOINT WARNING * * *
You feel very sick. You block the naga's attack.
The naga ritualist prays to its god.
The naga ritualist begins to radiate toxic energy.
* * * LOW HITPOINT WARNING * * *
You are more poisoned.
The green death gestures at you.
The blast of poison engulfs you but does no damage.
You are more poisoned.
You block the naga's attack.
The naga mage gestures wildly while chanting.
The naga mage seems to speed up.
The naga mage casts a spell.
The naga mage seems to speed up.
As you read the scroll of fear, it crumbles to dust.
You assume a fearsome visage.
The naga looks frightened!
The naga mage looks frightened!
The naga looks frightened!
The naga mage looks frightened!
The naga ritualist looks frightened!
The green death resists with almost no effort.
You are engulfed in poison gas.
You are lethally poisoned!
* * * LOW HITPOINT WARNING * * *
x2 You feel extremely sick.
* * * LOW HITPOINT WARNING * * *
You are more poisoned.
The green death gestures at you. The bolt of poison hits you!
You are more poisoned.
You die...

#..####..######.##..######.......
##.....................# #.......
##.....###..###...###..# #.......
#...#.## #.##.##.##:##.####......
...)...###.#.N?###N..#..#........
.........#.#....N.N..#...........
......###..#...N°°...#...........
###....###.#...#2#...#..##.......
##......##.#...#@#...#..###......
...........##∩##○##∩##...........
....###.....###○○°###............
....##...#....○○.........).......
.........##.##...................
.........#..#.............#......
##...............................
##..##..........................
#..####............##..........


You could see a green death (poisoned), a naga ritualist (toxic aura, fleeing),
2 naga magi and 2 nagas.

Vanquished Creatures
  Saint Roka (Orc:1)
  5 thorn hunters (Swamp:2)
  A storm dragon (D:14)
  Louise (Snake:2)
  A fire giant (D:15)
  Aizul (Snake:1)
  3 ghouls (Swamp:2)
  The ghost of Labrat the Destroyer, a journeyman DgCj (D:13)
  3 eleionomae
  3 bunyips
  A dire elephant (Gauntlet)
  Nessos (D:14)
  A minotaur (Gauntlet)
  Snorg (Orc:1)
  A green death (Snake:2)
  Josephine (Swamp:1)
  A shambling mangrove (Swamp:2)
  The ghost of Mesimayra the Thaumaturge, a journeyman DjFE of Makhleb (Lair:3)
  A fire dragon (Lair:6)
  The ghost of Moto the Basher, a journeyman MiBe of Trog (D:10)
  Harold (D:7)
  The ghost of Quickbrownfox the Frost Mage, a journeyman OpIE of Gozag (Lair:3)
  7 naga warriors (Snake:1)
  Fannar (D:12)
  4 boulder beetles
  3 ogre magi
  Erica (D:8)
  2 ghost crabs
  3 anacondas
  A catoblepas (Lair:5)
  9 hydras
  10 centaur warriors
  A satyr (shapeshifter) (D:14)
  A dancing weapon (D:10)
  5 alligators
  A naga sharpshooter (Snake:1)
  11 death yaks
  16 two-headed ogres
  A death knight (D:12)
  Sonja (D:12)
  Nergalle (Orc:1)
  9 spriggans
  A deep elf knight (D:14)
  A sixfirhy (D:7)
  6 skeletal warriors
  2 spriggan druids (Swamp:1)
  A goliath frog (Swamp:2)
  4 swamp dragons
  6 naga ritualists
  2 fire crabs (Lair:4)
  2 deep trolls (Orc:2)
  Pikel (D:8)
  A wizard (D:15)
  2 bog bodies
  2 necromancers
  2 orc knights (Orc:1)
  12 mana vipers
  2 deep elf pyromancers (D:14)
  2 deep elf zephyrmancers (D:14)
  The ghost of Hyperion the Covert, a novice VSIE of Hepliaklqana (D:8)
  7 oklob plants
  A wolf spider (Lair:4)
  6 cyclopes
  3 salamanders
  2 ugly things
  5 manticores
  A will-o-the-wisp (Swamp:1)
  17 elephants
  Maurice (D:9)
  2 ice statues (IceCv)
  12 naga magi
  32 black mambas
  2 torpor snails
  A cane toad (shapeshifter) (D:12)
  20 cane toads
  An unseen horror (D:10)
  Psyche (D:12)
  7 kobold demonologists
  A minotaur zombie (Gauntlet)
  5 ice devils (IceCv)
  6 rime drakes
  12 komodo dragons
  2 yaktaurs
  5 anaconda simulacra (IceCv)
  An entropy weaver simulacrum (IceCv)
  2 queen bees (Gauntlet)
  11 trolls
  4 polar bears
  Grinder (Sewer)
  3 meliai (D:13)
  9 hornets
  A tyrant leech (Swamp:1)
  10 dream sheep
  22 slime creatures
  20 blink frogs
  A blink frog (shapeshifter) (D:11)
  3 vampires
  A ynoxinul (Gauntlet)
  9 wyverns
  6 wraiths
  A shadow (D:12)
  Sigmund (D:6)
  4 basilisks
  The ghost of Uilleam the Chopper, an amateur HOMo of Qazlal (D:5)
  33 yaks
  Grum (D:9)
  4 steam dragons
  2 death yak simulacra
  10 vampire mosquitoes
  Menkaure (D:7)
  27 nagas
  Edmund (D:6)
  15 swamp worms
  4 harpy simulacra (IceCv)
  12 water moccasins
  2 acid dragons (Lair:6)
  30 orc warriors
  A sky beast (D:5)
  3 swamp drakes
  A black bear (Lair:6)
  5 necrophages
  24 ogres
  12 centaurs
  35 wolves
  A phantom (D:7)
  5 kobold brigands
  20 bullfrogs
  A gnoll sergeant (D:5)
  A cane toad simulacrum (Lair:5)
  7 scorpions
  A wyvern skeleton (D:7)
  2 elephant simulacra (IceCv)
  18 killer bees
  5 wights
  3 howler monkeys
  2 electric eels
  2 bullfrog zombies
  5 centaur zombies
  3 jellies
  5 hounds
  13 orc priests
  3 centaur skeletons
  A gnoll shaman (D:5)
  3 iguanas
  2 iron imps (Gauntlet)
  Terence (D:3)
  22 orc wizards
  A troll simulacrum (IceCv)
  A wolf simulacrum (IceCv)
  11 gnolls (D:5)
  A naga simulacrum (IceCv)
  9 adders
  5 shadow imps
  A white imp (D:7)
  3 ufetubi (Sewer)
  5 worms
  6 dart slugs
  55 orcs
  7 bats
  7 endoplasms
  9 giant cockroaches
  11 goblins
  14 hobgoblins
  2 jackals (D:1)
  28 kobolds
  4 quokkas
  6 ball pythons
  4 frilled lizards
  A giant cockroach zombie (Sewer)
  A kobold zombie (Sewer)
  4 rats
  4 plants
982 creatures vanquished.

Vanquished Creatures (others)
  A bloated husk (Swamp:1)
  A hornet (Swamp:1)
  2 spriggans (Swamp:1)
  A yak (Lair:6)
  An orc (Orc:2)
  6 foxfires (Swamp:1)
  33 fungi
  38 plants
83 creatures vanquished.

Grand Total: 1065 creatures vanquished

Notes
Turn   | Place    | Note
-------+----------+-------------------------------------------
     0 | D:1      | Peloso the Minotaur Fighter began the quest for the Orb.
     0 | D:1      | Reached XP level 1. HP: 19/19 MP: 0/0
   129 | D:1      | Reached XP level 2. HP: 27/27 MP: 1/1
   379 | D:1      | Reached skill level 4 in Shields
   592 | D:1      | Noticed a floating eye
   594 | D:1      | Found a faded altar of an unknown god.
   596 | D:1      | Noticed a golden eye
   955 | D:1      | Reached XP level 3. HP: 33/33 MP: 2/2
  1064 | D:1      | Noticed a great orb of eyes
  1064 | D:1      | Noticed an eye of devastation
  1317 | D:2      | Reached skill level 1 in Dodging
  1554 | D:2      | Reached XP level 4. HP: 39/40 MP: 3/3
  1824 | D:2      | Found Vuith's Book Boutique.
  1977 | D:2      | Identified a scroll of acquirement
  2019 | D:3      | Acquired the amulet of Xuachir {rC- Regen+ rCorr Slay+6
                  | SInv}
  2049 | D:3      | Identified the ring "Yvvuevol" {rF+ rC+ AC+4 Dex+3 Stlth-}
  2074 | D:3      | Identified the +6 scale mail of Sandy Fun {Harm rF+ Will-
                  | Slay+4}
  2135 | D:3      | Noticed Terence
  2141 | D:3      | Killed Terence
  2293 | D:3      | Found a glowing drain.
  2299 | D:3      | Reached XP level 5. HP: 47/47 MP: 4/4
  2306 | Sewer    | Entered a sewer
  2420 | Sewer    | Found an ancient bone altar of Kikubaaqudgha.
  2442 | Sewer    | Noticed Grinder
  2443 | Sewer    | Paralysed by Grinder for 4 turns
  2452 | Sewer    | Paralysed by Grinder for 4 turns
  2460 | Sewer    | Killed Grinder
  2461 | Sewer    | Reached skill level 5 in Fighting
  2461 | Sewer    | Reached skill level 5 in Long Blades
  2461 | Sewer    | Reached skill level 5 in Armour
  2461 | Sewer    | Reached XP level 6. HP: 27/56 MP: 5/5
  2512 | Sewer    | Reached XP level 7. HP: 61/61 MP: 6/6
  3149 | D:4      | Reached skill level 5 in Shields
  3362 | D:4      | Identified the +10 short sword "Xeut So Lecw" {freeze,
                  | rElec rPois rC- Stlth+}
  3762 | D:5      | Entered Level 5 of the Dungeon
  3878 | D:5      | Reached XP level 8. HP: 69/69 MP: 7/7
  4029 | D:5      | Reached skill level 6 in Shields
  4121 | D:5      | Found a large runed translucent door.
  4122 | D:5      | Found a large runed translucent door.
  4125 | D:5      | Noticed Uilleam's ghost (amateur HOMo)
  4329 | D:5      | Found an iron altar of Okawaru.
  4337 | D:5      | Became a worshipper of Warmaster Okawaru
  4374 | D:5      | Found Othriel's Fire Supplies.
  4701 | D:6      | Reached XP level 9. HP: 68/75 MP: 8/8
  5264 | D:6      | Reached skill level 7 in Shields
  5282 | D:6      | Noticed Sigmund
  5297 | D:6      | Killed Sigmund
  5316 | D:6      | Noticed Edmund
  5324 | D:6      | Killed Edmund
  5324 | D:6      | Reached * piety under Okawaru
  5517 | D:7      | Found a staircase to the Ecumenical Temple.
  5614 | D:7      | Found a runed translucent door.
  5614 | D:7      | Noticed a sixfirhy
  5688 | D:7      | Noticed Harold
  5694 | D:7      | Noticed Menkaure
  5700 | D:7      | Killed Harold
  5700 | D:7      | Reached ** piety under Okawaru
  5701 | D:7      | Reached skill level 10 in Long Blades
  5701 | D:7      | Reached skill level 1 in Stealth
  5701 | D:7      | Reached skill level 8 in Shields
  5702 | D:7      | Killed Menkaure
  5906 | D:7      | Reached XP level 10. HP: 86/86 MP: 9/9
  6157 | D:8      | Reached *** piety under Okawaru
  6160 | D:8      | Reached skill level 9 in Shields
  6169 | D:8      | Noticed Erica
  6190 | D:8      | Killed Erica
  6258 | D:8      | Found a runed translucent door.
  6258 | D:8      | Noticed Hyperion's ghost (novice VSIE)
  6270 | D:8      | Noticed Pikel
  6276 | D:8      | Killed Pikel
  6412 | D:8      | Found a staircase to the Lair.
  6569 | D:8      | Reached **** piety under Okawaru
  6873 | D:8      | Reached skill level 1 in Invocations
  7003 | D:9      | Identified the +9 mace of Descent {vorpal, rF+}
  7057 | D:9      | Noticed Grum
  7065 | D:9      | Reached skill level 10 in Shields
  7069 | D:9      | Killed Grum
  7101 | D:9      | Noticed a two-headed ogre
  7139 | D:9      | Noticed a centaur warrior
  7143 | D:9      | Killed a centaur warrior
  7150 | D:9      | Killed a two-headed ogre
  7151 | D:9      | Reached XP level 11. HP: 80/94 MP: 8/10
  7208 | D:9      | Reached ***** piety under Okawaru
  7242 | D:9      | Noticed Maurice
  7251 | D:9      | Killed Maurice
  7252 | D:9      | Noticed a white ugly thing
  7258 | D:9      | Killed a white ugly thing
  7349 | D:9      | Identified the +1 flail of Calculation {protect, Dex+3}
  7496 | D:9      | Reached skill level 11 in Shields
  7654 | D:10     | Entered Level 10 of the Dungeon
  7819 | D:10     | Found a broken altar of Ashenzari.
  7844 | D:10     | Found a staircase to the Orcish Mines.
  7944 | D:10     | Reached skill level 10 in Armour
  8047 | D:10     | Found a runed translucent door.
  8101 | D:10     | Noticed a +2 hand axe of chaos
  8102 | D:10     | Found a shimmering altar of Xom.
  8105 | D:10     | Noticed Moto's ghost (journeyman MiBe)
  8367 | Lair:1   | Entered Level 1 of the Lair of Beasts
  8393 | Lair:1   | Identified the +2 hat of Weirdness {Str+2 Dex+4} (Okawaru
                  | gifted it to you on level 1 of the Lair of Beasts)
  8393 | Lair:1   | Received a gift from Okawaru
  8497 | Lair:1   | Reached skill level 12 in Shields
  8534 | Lair:1   | Reached skill level 5 in Dodging
  8727 | Lair:1   | Noticed an oklob plant
  8728 | Lair:1   | Noticed an oklob plant
  8731 | Lair:1   | Noticed an oklob plant
  8733 | Lair:1   | Noticed an oklob plant
  8745 | Lair:1   | Killed an oklob plant
  8746 | Lair:1   | Reached XP level 12. HP: 79/104 MP: 12/12
  9423 | Lair:2   | Reached skill level 13 in Shields
  9451 | Lair:1   | Identified the +3 ring mail of Okawaru's Respect {*Corrode
                  | Will+ Int+2 SInv} (Okawaru gifted it to you on level 1 of
                  | the Lair of Beasts)
  9451 | Lair:1   | Received a gift from Okawaru
  9520 | Lair:2   | Noticed a seven-headed hydra
  9526 | Lair:2   | Killed a five-headed hydra
  9712 | Lair:2   | Found a staircase to the Snake Pit.
  9867 | Lair:2   | Noticed a death yak
  9867 | Lair:2   | Noticed a death yak
  9868 | Lair:2   | Noticed a death yak
  9870 | Lair:2   | Noticed a death yak
  9872 | Lair:2   | Noticed a death yak
  9878 | Lair:2   | Killed a death yak
  9879 | Lair:2   | Reached skill level 10 in Fighting
  9880 | Lair:2   | Killed a death yak
  9883 | Lair:2   | Killed a death yak
  9889 | Lair:2   | Killed a death yak
  9892 | Lair:2   | Killed a death yak
  9892 | Lair:2   | Reached ****** piety under Okawaru
  9893 | Lair:2   | Reached skill level 14 in Shields
  9894 | Lair:2   | Reached skill level 15 in Long Blades
 10432 | Lair:3   | Reached XP level 13. HP: 114/114 MP: 13/13
 10640 | Lair:3   | Found a runed translucent gate.
 10641 | Lair:3   | Found a runed translucent gate.
 10642 | Lair:3   | Found a runed translucent gate.
 10644 | Lair:3   | Noticed Quickbrownfox's ghost (journeyman OpIE)
 10645 | Lair:3   | Noticed Mesimayra's ghost (journeyman DjFE)
 11027 | Lair:4   | Received a gift from Okawaru
 11389 | Lair:4   | Reached skill level 15 in Shields
 11505 | Lair:4   | Identified the +0 pair of boots of Jeqaewn {rCorr Str-2
                  | Slay+2} (Okawaru gifted it to you on level 4 of the Lair of
                  | Beasts)
 11505 | Lair:4   | Received a gift from Okawaru
 11506 | Lair:4   | Reached skill level 16 in Shields
 11726 | Lair:4   | Found a staircase to the Swamp.
 12410 | D:11     | Found a gate leading to a gauntlet.
 12450 | Gauntlet | Entered a Gauntlet
 12450 | Gauntlet | Found a transporter.
 12453 | Gauntlet | Found a transporter.
 12458 | Gauntlet | Found a transporter.
 12461 | Gauntlet | Found a runed translucent door.
 12461 | Gauntlet | Found a runed translucent door.
 12462 | Gauntlet | Found a transporter.
 12469 | Gauntlet | Found a transporter.
 12473 | Gauntlet | Found a transporter.
 12478 | Gauntlet | Found a transporter.
 12485 | Gauntlet | Found a transporter.
 12489 | Gauntlet | Found a transporter.
 12494 | Gauntlet | Found a transporter.
 12504 | Gauntlet | Found a transporter.
 12505 | Gauntlet | Found a transporter.
 12510 | Gauntlet | Found a transporter.
 12510 | Gauntlet | Noticed a dire elephant
 12513 | Gauntlet | Found a runed translucent gate.
 12513 | Gauntlet | Found a runed translucent gate.
 12517 | Gauntlet | Found a runed translucent gate.
 12517 | Gauntlet | Found a transporter.
 12719 | Gauntlet | Reached XP level 14. HP: 126/126 MP: 14/14
 13350 | D:11     | Received a gift from Okawaru
 13470 | D:11     | Found a portal to a secret trove of treasure.
 13751 | Lair:5   | Found a frozen archway.
 13760 | Lair:5   | Reached skill level 17 in Shields
 13775 | IceCv    | Entered an ice cave
 15278 | Lair:6   | Entered Level 6 of the Lair of Beasts
 15356 | Lair:6   | Received a gift from Okawaru
 15408 | Lair:6   | Found a staircase to the Slime Pits.
 15421 | Lair:6   | Reached skill level 18 in Shields
 15501 | Lair:6   | Identified the +0 plate armour "Wyenofar" {Str+2}
 15765 | Lair:6   | Found the +3 Elemental Staff {rElec rF++ rC++ AC+5}
 15783 | Lair:6   | Reached XP level 15. HP: 125/137 MP: 15/15
 16098 | Lair:6   | Identified the amulet of Xeseg {Regen+ Slay+2}
 16565 | Orc:1    | Entered Level 1 of the Orcish Mines
 16571 | Orc:1    | Noticed Snorg
 16581 | Orc:1    | Killed Snorg
 16670 | Orc:2    | Entered Level 2 of the Orcish Mines
 16670 | Orc:2    | Found a staircase to the Elven Halls.
 16834 | Orc:2    | Noticed Saint Roka
 17001 | Orc:1    | Killed Saint Roka
 17001 | Orc:1    | Received a gift from Okawaru
 17313 | Orc:2    | Reached skill level 19 in Shields
 17328 | Orc:2    | Identified the +0 robe of the Forest {Str+4 Dex+2 Stlth+}
                  | (Okawaru gifted it to you on level 2 of the Orcish Mines)
 17328 | Orc:2    | Received a gift from Okawaru
 17367 | Orc:2    | Paralysed by an ogre mage for 2 turns
 17380 | Orc:2    | Found Musma's General Store.
 17386 | Orc:2    | Found Puicrueff's Weapon Shop.
 17391 | Orc:2    | Found Awnaeb's Weapon Emporium.
 17400 | Orc:2    | Found Dedifiuf's Antique Weapon Boutique.
 17646 | Orc:1    | Noticed Nergalle
 17663 | Orc:1    | Killed Nergalle
 18033 | D:8      | Killed Hyperion's ghost
 18091 | Temple   | Entered the Ecumenical Temple
 18140 | D:5      | Killed Uilleam's ghost
 18520 | D:12     | Noticed Fannar
 18528 | D:12     | Killed Fannar
 18605 | D:12     | Noticed Sonja
 18615 | D:12     | Killed Sonja
 18671 | D:12     | Reached skill level 1 in Evocations
 18816 | D:12     | Reached skill level 20 in Shields
 18955 | D:12     | Reached skill level 10 in Dodging
 19090 | D:12     | Noticed Psyche
 19096 | D:12     | Killed Psyche
 19347 | D:13     | Found a large runed translucent door.
 19347 | D:13     | Found a large runed translucent door.
 19366 | D:13     | Noticed Labrat's ghost (journeyman DgCj)
 19472 | D:13     | Received a gift from Okawaru
 19510 | D:13     | Reached XP level 16. HP: 147/147 MP: 17/17
 20652 | D:14     | Reached skill level 15 in Fighting
 20666 | D:14     | Noticed Nessos
 20692 | D:14     | Killed Nessos
 20706 | D:14     | Found a flickering gateway to a bazaar.
 20714 | Bazaar   | Entered a bazaar
 20760 | Bazaar   | Found Bargha's Jewellery Shoppe.
 20781 | Bazaar   | Found Patix's Antique Weapon Emporium.
 20826 | Bazaar   | Found Mohovual's Armour Emporium.
 20826 | Bazaar   | Found Piny's General Store.
 21009 | D:14     | Identified the +1 robe of Sorcery {Harm rN+ Regen+ Str-2}
                  | (Okawaru gifted it to you on level 14 of the Dungeon)
 21009 | D:14     | Received a gift from Okawaru
 21270 | D:14     | Reached skill level 21 in Shields
 21593 | D:14     | Found a runed translucent door.
 21594 | D:14     | Noticed a storm dragon
 21638 | D:14     | Killed a storm dragon
 21897 | D:14     | Identified the +7 mace "Tevirex" {flame, rPois Str+6 Int+3
                  | Dex-3}
 22017 | D:14     | Found a gate to the Vaults.
 22262 | D:15     | Entered Level 15 of the Dungeon
 22833 | D:15     | Found a staircase to the Depths.
 24810 | D:10     | Killed Moto's ghost
 24988 | D:13     | Killed Labrat's ghost
 25199 | Lair:3   | Killed Mesimayra's ghost
 25208 | Lair:3   | Killed Quickbrownfox's ghost
 25442 | Swamp:1  | Entered Level 1 of the Swamp
 25686 | Swamp:1  | Identified the +5 dagger of Fury {pain, *Corrode rElec
                  | Will- Int+5}
 25889 | Swamp:1  | Received a gift from Okawaru
 25941 | Swamp:1  | Noticed Josephine
 25958 | Swamp:1  | Killed Josephine
 26412 | Swamp:2  | Reached skill level 22 in Shields
 27141 | Swamp:2  | Noticed a thorn hunter
 27142 | Swamp:2  | Noticed a thorn hunter
 27152 | Swamp:2  | Killed a thorn hunter
 27161 | Swamp:2  | Killed a thorn hunter
 27169 | Swamp:2  | Reached XP level 17. HP: 105/156 MP: 18/18
 27538 | Swamp:2  | Identified the +6 dagger of Righteous Fury {freeze, rC-
                  | rN++ rCorr}
 27573 | Swamp:2  | Identified the ring of Xiur {Fly rN+ Stlth+}
 27734 | Swamp:2  | Identified the +5 scale mail "Bebat" {SInv}
 28229 | Snake:1  | Entered Level 1 of the Snake Pit
 28270 | Snake:1  | Identified the +0 hat of Hahabaro {Slay+3} (Okawaru gifted
                  | it to you on level 1 of the Snake Pit)
 28270 | Snake:1  | Received a gift from Okawaru
 28761 | Snake:1  | Found Akhlud's Armour Shop.
 28768 | Snake:1  | Noticed Aizul
 28781 | Snake:1  | Killed Aizul
 29008 | Snake:1  | Reached skill level 23 in Shields
 29679 | Snake:2  | Noticed Louise
 29700 | Snake:2  | Killed Louise
 30185 | Snake:2  | Found a runed translucent door.
 30766 | Snake:2  | Received a gift from Okawaru
 30774 | Snake:2  | Killed from afar by a green death

Illustrated notes

Levels and vault maps discovered:
D:1:      lordsloth_arrival_two_stooges, layout_loops_corners,
          hellmonk_ecumenical_altar_watching_god
D:2:      layout_basic, serial_shops, shop, minmay_goblin_outpost
D:3:      layout_loops_ring, gup_sewer_entry_glass, minmay_starry_boxes,
          uniq_terence
D:4:      minmay_diamond_boxcup, layout_basic, chequers_serial_rivers_micro_d
D:5:      minmay_skewed_foursquare, layout_loops_ring,
          mainiacjoe_overflow_catwalk, ebering_ghost_disaster_area,
          minmay_misc_feat_rows, nicolae_shop_fire_sale [nicolae_sub_dead_trees]
D:6:      layout_loops_corners, sigmund_edmund_badplayer
D:7:      cheibrodos_shockbox, layout_gridville,
          minmay_temple_entry_drinking_statues, uniq_harold, uniq_menkaure
D:8:      layout_basic, grunt_lair_entry_orc_guard_hut,
          hellmonk_ghost_happy_afterlife, patterned_corridor, uniq_pikel,
          uniq_erica
D:9:      layout_irregular_city, serial_column_ruins,
          column_ruins_columns_dead_end, column_ruins_open_tiny,
          column_ruins_grid_1, column_ruins_columns_corner,
          column_ruins_columns_corner, uniq_grum, uniq_maurice
D:10:     layout_long_grid, nicolae_ashenzari_skybound,
          minmay_orc_entry_temple_small, ebering_ghost_xom
D:11:     layout_roguey, enter_trove_3, gauntlet_entry_generic,
          minmay_misc_feat_encased
D:12:     layout_irregular_city, kb_rosetta, uniq_fannar, uniq_psyche,
          uniq_sonja
D:13:     layout_irregular_city, ebering_ghost_disaster_area,
          kennysheep_generic_room_5
D:14:     layout_layer_cave, hangedman_vaults_entry_quadrant_bands,
          serial_shops, bzr_entry_islet, minmay_hidden_floor, uniq_nessos
D:15:     grunt_enter_depths_giant_problem, layout_layer_cave,
          hangedman_abyss_or_decor_stabs
Temple:   mainiacjoe_temple_big_plus
Lair:1:   minmay_lair_oklob_chamber, layout_gridlike,
          chequers_serial_rivers_micro_d, serial_bayou_shore_a,
          lemuel_fruit_tree, serial_bayou_shore_b
Lair:2:   layout_roguey, guppyfry_snake_entry_island, grunt_megastairs_1
Lair:3:   layout_long_grid, gammafunk_ghost_cemetery, grunt_megastairs_2
Lair:4:   nzn_winding_woodlands_large [nzn_winding_woodlands_5x5_closed_star,
          nzn_winding_woodlands_5x15_sidewinder,
          nzn_winding_woodlands_hourglass, nzn_winding_woodlands_center_garden,
          nzn_winding_woodlands_15x15_killbox,
          nzn_winding_woodlands_center_pierced_h,
          nzn_winding_woodlands_5x5_three, nzn_winding_woodlands_5x15_twine,
          nzn_winding_woodlands_5x5_cross], layout_loops_ring,
          nicolae_swamp_entry_splash_gauntlet, wad_woods_road_02
Lair:5:   layout_cellular_growth, portal_ice_cave_entry_ice_simulacra,
          grunt_megastairs_3
Lair:6:   guppyfry_lair_end_dragon, layout_hall_layers,
          nicolae_slime_entry_slimehenge, st_stairs_13,
          chequers_serial_rivers_marsh
Swamp:1:  layout_basic_swamp, evilmike_swamp_ruin_house_1, swamp_pool1,
          uniq_josephine
Swamp:2:  nicolae_swamp_phyte_club, layout_basic_swamp, nicolae_swamp_stair_fork
Snake:1:  nicolae_snake_hallway, layout_onion_interference, serial_shops,
          shop_fountains, uniq_aizul
Snake:2:  cheibrodos_toxic_ritual, layout_layer_cave, uniq_louise
Orc:1:    layout_caves, uniq_snorg, uniq_nergalle
Orc:2:    st_orc_open, layout_diamond_mine, uniq_saint_roka

Skill      XL: |  1  2  3  4  5  6  7  8  9 10 11 12 13 14 15 16 17 |
---------------+----------------------------------------------------+-----
Shields        | 4 5 6 8 10 12 14 16 18 20 22 23 | 23.6
Armour         | 4 5 6 7 8 9 10 11 12 13 14 | 14.3
Fighting       | 4 5 6 7 9 10 12 13 14 15 16 | 16.3
Long Blades    | 3 4 5 6 7 9 11 12 13 15 16 17 18 | 18.8
Dodging        | 1 2 3 4 5 6 8 9 10 11 | 11.2
Stealth        | 1 2 3 |  3.7
Invocations    | 1 2 3 |  3.1
Evocations     | 1 |  1.0

Action                   |  1- 3 |  4- 6 |  7- 9 | 10-12 | 13-15 | 16-18 || total
-------------------------+-------+-------+-------+-------+-------+-------++-------
Melee: Long sword        |   112 |    34 |       |       |       |       ||   146
       Headbutt          |    14 |     8 |    29 |    64 |   220 |   182 ||   517
       Falchion          |       |    47 |   178 |    20 |       |       ||   245
       Scimitar          |       |       |       |   299 |   877 |   732 ||  1908
Invok: Heroism           |       |       |     2 |     5 |    12 |    10 ||    29
       Finesse           |       |       |       |       |     1 |       ||     1
Evoke: Wand              |       |       |       |     4 |     3 |       ||     7
  Use: Scroll            |       |     4 |     6 |     3 |    13 |     8 ||    34
       Potion            |       |       |       |     1 |     1 |     4 ||     6
 Stab: Confused          |       |       |       |       |     1 |       ||     1
Armor: Scale mail        |    68 |    39 |    59 |   131 |   239 |    96 ||   632
       Plate armour      |       |       |       |       |       |   112 ||   112
Dodge: Dodged            |    60 |    38 |    40 |    97 |   321 |   229 ||   785
Block: Buckler           |    29 |    25 |     2 |       |       |       ||    56
       Tower shield      |       |       |   134 |   320 |  1001 |   930 ||  2385
